 Dungeon Crawl Stone Soup version 0.21.0-3-g78d12a8bdd (webtiles) character file.

9307 NixNut the Schismatic (level 11, 0/89 HPs)
             Began as a Demonspawn Abyssal Knight on Jan 15, 2018.
             Was an Elder of Lugonu.
             Killed by divine providence
             ... invoked by an orc priest
              (6 damage)
             ... on level 11 of the Dungeon.
             The game lasted 00:37:14 (11435 turns).

NixNut the Schismatic (Demonspawn Abyssal Knight)  Turns: 11435, Time: 00:37:15

Health: 0/89       AC:  7    Str: 17    XL:     11   Next: 21%
Magic:  0/19       EV: 10    Int: 13    God:    Lugonu [****..]
Gold:   392        SH:  7    Dex: 12    Spells: 10/10 levels left

rFire    . . .     SeeInvis .   a - +1 whip
rCold    . . .     Gourm    .   k - +2 buckler
rNeg     . . .     Faith    .   e - +0 ring mail
rPois    .         Spirit   +   (no helmet)
rElec    .         Reflect  .   p - scarf {cloud immunity}
rCorr    .         Harm     .   (gloves unavailable)
MR       +....                  (no boots)
Stlth    +++.......             (no amulet)
HPRegen  0.24/turn              B - ring of protection from magic
MPRegen  0.32/turn              (no ring)

@: no status effects
A: claws 3, thin metallic scales 1, nightstalker 2, magic shield, magic
regeneration
a: Depart the Abyss, Bend Space, Banish, Corrupt, Renounce Religion


You were on level 11 of the Dungeon.
You worshipped Lugonu.
Lugonu was greatly pleased with you.
You were very hungry.

You visited 1 branch of the dungeon, and saw 11 of its levels.
You visited the Abyss 1 time.

You collected 392 gold pieces.

Inventory:

Hand Weapons
 a - a +1 whip (weapon)
 h - a +0 hunting sling of freezing
 F - a +2 mace
Missiles
 i - 43 sling bullets
Armour
 e - a +0 ring mail (worn)
 k - a +2 buckler (worn)
 p - a scarf of cloud immunity (worn)
 J - a +2 buckler
Jewellery
 B - a ring of protection from magic (left claw)
Wands
 y - a wand of acid (9)
 C - a wand of enslavement (10)
 H - a wand of disintegration (18)
Scrolls
 d - 4 scrolls of teleportation
 f - 8 scrolls of remove curse
 l - a scroll of magic mapping
 n - 2 scrolls of fear
 r - a scroll of fog
 w - 4 scrolls of immolation
 A - a scroll of blinking
 D - 2 scrolls of amnesia
Potions
 b - a potion of ambrosia {unknown}
 g - 2 potions of cancellation
 j - 2 potions of flight
 m - a potion of curing
 o - a potion of invisibility {unknown}
 t - 2 potions of agility {unknown}
 u - a potion of berserk rage {unknown}
 v - a potion of heal wounds
 z - a potion of might {unknown}
 G - a potion of haste {unknown}
 I - a potion of brilliance {unknown}
 K - 2 potions of lignification {unknown}
Books
 q - a book of Conjurations

   Spells                             Type                      Level
   a - Magic Dart                     Conjuration                  1
   b - Searing Ray                    Conjuration                  2
   c - Dazzling Spray                 Conjuration/Hexes            3
   d - Fulminant Prism                Conjuration/Hexes            4
   e - Force Lance                    Conjuration/Translocation    4
   f - Iskenderun's Mystic Blast      Conjuration                  4
Comestibles
 c - 18 rations


   Skills:
 + Level 9.1 Fighting
 * Level 11.1 Maces & Flails
 - Level 1.7 Armour
 - Level 0.8 Dodging
 - Level 4.1 Shields
 + Level 11.2 Invocations


You had 10 spell levels left.
You didn't know any spells.

Dungeon Overview and Level Annotations

Branches:
Dungeon (11/15)            Temple (0/1) D:7            Lair (0/6) D:9
    Orc: D:9-12

Altars:
Elyvilon
Hepliaklqana
Ru

Shops:
D:5 =

Annotations:
D:10 Gastronok


Innate Abilities, Weirdness & Mutations

You have claws for hands.
You are partially covered in thin metallic scales. (AC +2)
You are significantly more attuned to the shadows.
When hurt, damage is shared between your health and your magic reserves.
You regenerate magic rapidly.


Message History

The hound completely misses you.
You hit the hound.
You kill the hound!
Lugonu accepts your kill.
The orc priest begins to cast a cantrip, but forgets the words!
The orc priest hits you with a flail.
* * * LOW HITPOINT WARNING * * *
Things that are here:
a club; a chain mail; an orc corpse You hit the orc priest.
The orc priest is moderately wounded.
The orc warrior hits you with a battleaxe!
* * * LOW HITPOINT WARNING * * *
You hit the orc priest.
The orc priest is severely wounded.
You barely miss the orc priest.
The orc priest is severely wounded.
The orc priest mumbles some strange prayers to Beogh against you.
Beogh smites you!
You die...

.....# .
#)..># ..
#....#
...##)Y..#
#.......##
####.).....
####.######
.......o#
#####.#@#
#.#o#######
#.#.......#
#.#######.#
#.
#.#######
#.......#
#######.#
#.# #.#


You could see an orc warrior and an orc priest.

Vanquished Creatures
  Pikel (D:9)
  The ghost of kickasso the Ruffian, an amateur TrFi (D:5)
  Prince Ribbit (D:6)
  3 slime creatures (D:8)
  2 hippogriffs
  Sigmund (D:6)
  2 wyverns (D:10)
  6 yaks
  3 hogs (D:7)
  Grum (D:10)
  The ghost of beanieboyaka the Conjurer, an amateur NaCj (D:4)
  A human (D:7)
  2 hungry ghosts
  Duvessa (D:7)
  A water moccasin (D:8)
  Edmund (D:6)
  A porcupine (D:9)
  An orc warrior (D:9)
  A sky beast (D:10)
  A slave (D:9)
  A black bear (D:9)
  2 phantoms
  2 ice beasts
  3 wolves (D:10)
  4 ogres
  4 centaurs
  A big kobold (D:10)
  6 bullfrogs
  Dowan (D:7)
  A scorpion (D:10)
  4 wights (D:7)
  4 howler monkeys
  2 crimson imps
  2 bullfrog zombies (D:10)
  6 hounds
  3 orc priests
  A jelly (D:6)
  8 orc wizards
  3 centaur skeletons
  Terence (D:2)
  An iguana (D:10)
  5 worker ants
  2 hound skeletons
  4 gnolls (D:2)
  12 adders
  A shadow imp (D:7)
  An ufetubus (D:8)
  An ooze (D:4)
  An adder skeleton (D:5)
  5 worms (D:2)
  6 dart slugs
  9 leopard geckos
  15 orcs
  8 bats
  3 giant cockroaches (D:1)
  7 goblins
  6 hobgoblins
  9 jackals
  4 quokkas
  2 frilled lizards
  16 kobolds
  A leopard gecko zombie (D:8)
  7 rats
217 creatures vanquished.

Vanquished Creatures (others)
  A two-headed ogre (D:9)
  An unseen horror (D:10)
  A slave (D:9)
  A bullfrog (D:9)
  A scorpion (D:9)
  Natasha (D:2)
  An orc (D:9)
7 creatures vanquished.

Grand Total: 224 creatures vanquished

Notes
Turn   | Place    | Note
-------+----------+-------------------------------------------
     0 | Abyss:1  | NixNut the Demonspawn Abyssal Knight began the quest for the Orb.
     0 | Abyss:1  | Reached XP level 1. HP: 18/18 MP: 2/2
    45 | D:1      | Escaped the Abyss
   215 | D:1      | Gained mutation: When hurt, damage is shared between your health and your magic reserves. [demonic ancestry]
   215 | D:1      | Reached XP level 2. HP: 24/24 MP: 4/4
   565 | D:1      | Reached XP level 3. HP: 19/29 MP: 5/5
   779 | D:1      | Reached ** piety under Lugonu
  1360 | D:2      | Reached XP level 4. HP: 21/35 MP: 3/6
  2018 | D:2      | Noticed Natasha
  2031 | D:2      | Killed Natasha
  2031 | D:2      | Gained mutation: You have sharp fingernails. [demonic ancestry]
  2031 | D:2      | Reached XP level 5. HP: 39/42 MP: 5/7
  2078 | D:2      | Found a hazy altar of Hepliaklqana.
  2184 | D:2      | Noticed Terence
  2187 | D:2      | Killed Terence
  2187 | D:2      | Reached skill level 1 in Shields
  2379 | D:2      | Found a sacrificial altar of Ru.
  2650 | D:3      | Gained mutation: You are slightly more attuned to the shadows. [demonic ancestry]
  2650 | D:3      | Reached XP level 6. HP: 39/48 MP: 7/9
  2886 | D:3      | Learned a level 3 spell: Dazzling Spray
  3453 | D:4      | Reached *** piety under Lugonu
  3538 | D:4      | Noticed beanieboyaka's ghost (amateur NaCj)
  3544 | D:4      | Killed beanieboyaka's ghost
  3544 | D:4      | Reached skill level 5 in Invocations
  3819 | D:4      | Gained mutation: You regenerate magic rapidly. [demonic ancestry]
  3819 | D:4      | Reached XP level 7. HP: 55/55 MP: 10/10
  3865 | D:4      | Reached skill level 5 in Maces & Flails
  4424 | D:5      | Entered Level 5 of the Dungeon
  4424 | D:5      | Found Ypletea's Jewellery Emporium.
  4464 | D:5      | Reached skill level 5 in Fighting
  4591 | D:5      | Noticed kickasso's ghost (amateur TrFi)
  4603 | D:5      | Killed kickasso's ghost
  4603 | D:5      | Gained mutation: You have very sharp fingernails. [demonic ancestry]
  4603 | D:5      | Reached XP level 8. HP: 46/62 MP: 10/12
  4735 | D:5      | Found a white marble altar of Elyvilon.
  5134 | D:6      | Noticed Sigmund
  5151 | D:6      | Killed Sigmund
  5519 | D:6      | Noticed Edmund
  5527 | D:6      | Killed Edmund
  5700 | D:6      | Noticed Prince Ribbit
  5715 | D:6      | Killed Prince Ribbit
  5974 | D:7      | Noticed a hippogriff
  5983 | D:7      | Killed a hippogriff
  5983 | D:7      | Gained mutation: You are partially covered in thin metallic scales. (AC +2) [demonic ancestry]
  5983 | D:7      | Reached XP level 9. HP: 47/69 MP: 9/14
  6229 | D:7      | Noticed Duvessa
  6231 | D:7      | Noticed Dowan
  6244 | D:7      | Killed Dowan
  6250 | D:7      | Killed Duvessa
  6857 | D:7      | Reached **** piety under Lugonu
  7216 | D:7      | Found a staircase to the Ecumenical Temple.
  7718 | D:8      | Gained mutation: You are significantly more attuned to the shadows. [demonic ancestry]
  7718 | D:8      | Reached XP level 10. HP: 75/79 MP: 14/16
  8147 | D:8      | You fall through a shaft!
  8475 | D:9      | Reached skill level 10 in Invocations
  8780 | D:9      | Noticed Pikel
  8805 | D:9      | Killed Pikel
  8805 | D:9      | Reached skill level 10 in Maces & Flails
  8851 | D:9      | Noticed a two-headed ogre
  8897 | D:9      | Banished a two-headed ogre
  9338 | D:9      | Noticed a two-headed ogre
  9403 | D:9      | Found a staircase to the Lair.
  9468 | D:10     | Entered Level 10 of the Dungeon
  9647 | D:10     | Noticed Grum
  9657 | D:10     | Killed Grum
  9968 | D:10     | Gained mutation: You have claws for hands. [demonic ancestry]
  9968 | D:10     | Reached XP level 11. HP: 87/87 MP: 19/19
 10940 | D:10     | Banished an unseen horror
 11197 | D:10     | Noticed Gastronok
 11435 | D:11     | Killed from afar by an orc priest

Skill      XL: |  1  2  3  4  5  6  7  8  9 10 11 |
---------------+----------------------------------+-----
Maces & Flails | 2 3 4 5 7 9 10 11 | 11.1
Invocations    | 3 4 5 6 7 9 10 11 | 11.2
Shields        | 1 2 3 4 |  4.1
Fighting       | 4 5 6 7 8 9 |  9.1
Armour         | |  1.7
Dodging        | |  0.8

Action                   |  1- 3 |  4- 6 |  7- 9 | 10-12 || total
-------------------------+-------+-------+-------+-------++-------
Melee: Mace              |   101 |    11 |       |       ||   112
       Whip              |       |       |       |   283 ||   283
 Fire: Hunting sling     |       |   105 |   304 |   247 ||   656
Invok: Bend Space        |       |       |     1 |     1 ||     2
       Banish            |       |       |       |     3 ||     3
Evoke: Wand              |       |       |     1 |     2 ||     3
  Use: Scroll            |     1 |       |     8 |    11 ||    20
       Potion            |       |       |       |     2 ||     2
  Eat: Chunk             |     2 |     7 |     8 |     8 ||    25
       Ration            |       |       |     2 |     3 ||     5
Armor: Ring mail         |    35 |    11 |    51 |   124 ||   221
       Leather armour    |     1 |       |       |       ||     1
Dodge: Dodged            |    69 |    17 |    65 |   133 ||   284
Block: Buckler           |       |     6 |    66 |   103 ||   175
